 Dungeon Crawl Stone Soup version 0.19.1 (webtiles) character file.

135 RudyRod the Shield-Bearer (level 5, -5/42 HPs)
             Began as a Formicid Fighter on Nov 24, 2016.
             Was an Initiate of Okawaru.
             Killed by divine providence
             ... invoked by an orc priest
              (16 damage)
             ... on level 3 of the Dungeon.
             The game lasted 00:06:02 (2323 turns).

RudyRod the Shield-Bearer (Formicid Fighter)        Turns: 2323, Time: 00:06:03

Health: -5/42      AC:  6    Str: 20    XL:     5   Next: 41%
Magic:  5/5        EV:  8    Int:  8    God:    Okawaru [......]
Gold:   94         SH:  9    Dex: 11    Spells: 0 memorised, 4 levels left

rFire  . . .     SeeInvis +     a - +0 long sword
rCold  . . .     Gourm    .     b - +0 scale mail
rNeg   . . .     Faith    .     c - +0 shield
rPois  .         Spirit   .     (helmet unavailable)
rElec  .         Reflect  .     (no cloak)
rCorr  .         Harm     .     (no gloves)
MR     .....                    (no boots)
Stlth  ..........               (no amulet)
                                (no ring)
                                (no ring)

@: no status effects
A: permanent stasis, dig shafts and tunnels, four strong arms, antennae 3
a: Dig, Shaft Self, Renounce Religion


You were on level 3 of the Dungeon.
You worshipped Okawaru.
Okawaru was noncommittal.
You were not hungry.

You visited 1 branch of the dungeon, and saw 3 of its levels.

You collected 94 gold pieces.

Inventory:

Hand Weapons
 a - a +0 long sword (weapon)
Armour
 b - a +0 scale mail (worn)
 c - a +0 shield (worn)
Wands
 u - a wand of polymorph (6/24)
Scrolls
 e - a scroll of teleportation {unknown}
 g - a scroll of fear {unknown}
 i - a scroll of enchant weapon {unknown}
 j - 2 scrolls of remove curse {unknown}
 k - 2 scrolls of recharging {unknown}
 n - 4 scrolls of identify {unknown}
 o - a scroll of fog {unknown}
 p - a scroll of blinking {unknown}
 q - a scroll of random uselessness {unknown}
Potions
 d - 2 potions of might
 m - a potion of agility {unknown}
 r - a potion of curing {unknown}
 s - 2 potions of brilliance {unknown}
Comestibles
 f - 3 bread rations
 h - a meat ration
 l - 3 fruits
 t - a chunk of flesh


   Skills:
 * Level 4.0 Fighting
 + Level 3.2 Long Blades
 + Level 3.5 Armour
 * Level 1.2 Dodging
 + Level 0.3 Stealth
 * Level 4.8 Shields


You had 4 spell levels left.
You didn't know any spells.

Dungeon Overview and Level Annotations

Branches:
Dungeon (3/15)

Altars:
Okawaru


Innate Abilities, Weirdness & Mutations

You are under a permanent stasis effect.
You can dig through walls and to a lower floor.
Your four strong arms can wield two-handed weapons with a shield.
You have a pair of large antennae on your head. (SInv)


Message History

Things that are here:
a trident; a leather armour You start resting.
The orc priest mumbles some strange prayers to Beogh against you.
Beogh smites you!
You slash the orc priest!
The orc priest is heavily wounded.
The orc priest mumbles some strange prayers to Beogh against you.
Beogh smites you!
* * * LOW HITPOINT WARNING * * *
You block the orc priest's attack.
You hit the orc priest.
The orc priest is almost dead.
The orc priest hits you with a club.
* * * LOW HITPOINT WARNING * * *
You hit the orc priest.
The orc priest is almost dead.
The orc priest calls down the wrath of Beogh upon you.
Beogh smites you!
You die...

.....##..# #.# #...........
.....'...# #.# #...........
.....###.## #.#
#####.......... #... #.{#
#.# ....'......# #..
##.####.#######...)..####+
#.
#.)..).............#...... #
#..####.#######)#..#......
#..##...o.# #.#..#......
#..##.#.#@# #.#..#......
#..##.#.#.# #.#..#......
#...#.#.#.# #.####.####+
#.#.#.#.#.# #....†)# #####
#. ...#.#.##########)# ....#
#. #..#.#...........## ....#
#.##..#.###........)# ....#
...#.............#
....########.#.###.#.#####.#


You could see an orc priest.

Vanquished Creatures
  Robin (D:3)
  A gnoll (D:1)
  4 adders
  2 worms (D:3)
  A dart slug (D:2)
  2 leopard geckos (D:2)
  An orc (D:3)
  A ball python (D:1)
  2 giant cockroaches (D:1)
  9 hobgoblins
  6 jackals
  4 kobolds
  A quokka (D:3)
  5 bats
  5 frilled lizards
  13 goblins
  7 rats
65 creatures vanquished.

Notes
Turn   | Place    | Note
-------+----------+-------------------------------------------
     0 | D:1      | RudyRod the Formicid Fighter began the quest for the Orb.
     0 | D:1      | Reached XP level 1. HP: 18/18 MP: 1/1
    50 | D:1      | Reached XP level 2. HP: 4/24 MP: 2/2
   495 | D:1      | Reached XP level 3. HP: 30/30 MP: 3/3
  1079 | D:2      | Reached XP level 4. HP: 36/37 MP: 4/4
  1384 | D:2      | Found an iron altar of Okawaru.
  1392 | D:2      | Became a worshipper of Warmaster Okawaru
  1601 | D:2      | Reached skill level 1 in Dodging
  2009 | D:3      | Noticed Robin
  2029 | D:3      | Killed Robin
  2029 | D:3      | Reached XP level 5. HP: 16/42 MP: 5/5
  2323 | D:3      | Killed from afar by an orc priest

Skill      XL: |  1  2  3  4  5 |
---------------+----------------+-----
Shields        | 4 |  4.8
Fighting       | 4 |  4.0
Dodging        | 1 |  1.2
Long Blades    | 3 |  3.2
Armour         | |  3.5
Stealth        | |  0.3

Action                   |  1- 3 |  4- 6 || total
-------------------------+-------+-------++-------
Melee: Long sword        |    94 |   132 ||   226
       Unarmed           |       |    11 ||    11
  Eat: Chunk             |     1 |     2 ||     3
       Bread ration      |       |     1 ||     1
Armor: Scale mail        |    53 |    57 ||   110
Dodge: Dodged            |    32 |    53 ||    85
Block: Shield            |    64 |    78 ||   142
       Rpst.: Long sword |    10 |    16 ||    26
